 Dungeon Crawl Stone Soup version 0.28.0-49-g6dfe1f597d (webtiles) character file.

Game seed: 18112766595112084015

41 Exodus22XD the Poker (level 3, 0/27 HPs)
             Began as a Demonspawn Gladiator on May 15, 2022.
             Slain by Sigmund
             ... wielding a +0 scythe
              (2 damage)
             ... on level 2 of the Dungeon.
             The game lasted 00:01:18 (1185 turns).

Exodus22XD the Poker (Demonspawn Gladiator)         Turns: 1185, Time: 00:01:20

Health: 0/27       AC:  7    Str: 16    XL:     3   Next: 32%
Magic:  3/3        EV: 10    Int:  9    God:
Gold:   56         SH:  0    Dex: 14    Spells: 2/2 levels left

rFire   . . .      SeeInvis .   a - +0 trident
rCold   . . .      Faith    .   (no shield)
rNeg    . . .      Spirit   .   h - +0 scale mail
rPois   .          Reflect  .   c - +0 helmet
rElec   .          Harm     .   (no cloak)
rCorr   .          Rampage  .   (no gloves)
Will    .....                   (no boots)
Stlth   ..........              (no amulet)
HPRegen 0.09/turn               (no ring)
MPRegen 0.08/turn               (no ring)

@: no status effects
A: demonic touch 1
a: no special abilities


You were on level 2 of the Dungeon.
You visited 1 branch of the dungeon, and saw 2 of its levels.

You collected 56 gold pieces.

Inventory:

Hand Weapons
 a - a +0 trident (weapon)
Missiles
 d - 3 throwing nets (quivered)
Armour
 c - a +0 helmet (worn)
 h - a +0 scale mail (worn)
Jewellery
 k - a +6 ring of intelligence
Scrolls
 e - a scroll of fog {unknown}
 f - a scroll of identify {unknown}
 j - 2 scrolls of amnesia {unknown}
Potions
 b - a potion of heal wounds {unknown}
 g - a potion of curing {unknown}
 i - a potion of ambrosia {unknown}


   Skills:
 + Level 2.0 Fighting
 + Level 3.4 Polearms
 + Level 1.8 Throwing
 + Level 0.4 Armour
 + Level 3.1 Dodging
 + Level 0.1 Stealth


You had 2 spell levels left.
You didn't know any spells.
Your spell library was empty.

Dungeon Overview and Level Annotations

Branches:
Dungeon (2/15)

Altars:

Annotations:
D:2 Sigmund


Innate Abilities, Weirdness & Mutations

Your touch may inflict minor irresistible damage on your foes.


Message History

Sigmund is heavily wounded.
Sigmund closely misses you.
You reach to attack!
You closely miss Sigmund.
Sigmund is heavily wounded.
You reach to attack!
You barely miss Sigmund.
Sigmund is heavily wounded.
Sigmund misses you.
You reach to attack!
You hit Sigmund but do no damage.
Sigmund is heavily wounded.
Sigmund hits you but does no damage.
You reach to attack!
You hit Sigmund but do no damage.
Sigmund is heavily wounded.
Sigmund hits you from afar with a +0 scythe!
* * * LOW HITPOINT WARNING * * *
Reach: a) +0 trident
Press: ? - help, Dir - move target, f/p - Sigmund
Aim: Sigmund, wielding a +0 scythe and wearing a +0 robe (heavily wounded, about 45% to evade your +0 trident)
You reach to attack!
You puncture Sigmund!
Sigmund is almost dead.
Reach: a) +0 trident
Press: ? - help, Dir - move target, f/p - Sigmund
Aim: Sigmund, wielding a +0 scythe and wearing a +0 robe (almost dead, about 45% to evade your +0 trident)
You reach to attack!
You barely miss Sigmund.
Sigmund is almost dead.
Sigmund points at you and mumbles some strange words.
The puff of flame hits you but does no damage.
Reach: a) +0 trident
Press: ? - help, Dir - move target, f/p - Sigmund
Aim: Sigmund, wielding a +0 scythe and wearing a +0 robe (almost dead, about 45% to evade your +0 trident)
You reach to attack!
You closely miss Sigmund.
Sigmund is almost dead.
Sigmund hits you from afar with a +0 scythe.
* * * LOW HITPOINT WARNING * * *
Reach: a) +0 trident
Press: ? - help, Dir - move target, f/p - Sigmund
Aim: Sigmund, wielding a +0 scythe and wearing a +0 robe (almost dead, about 45% to evade your +0 trident)
You reach to attack!
You hit Sigmund.
Sigmund is almost dead.
Sigmund hits you from afar with a +0 scythe.
You die...

#.# #.# ######
###.#########.....
#....>.....#...##
#†##.#####......#
#.##.# ###....#
#.##.# ##.#.#
#.##.# #.#.#
#@##.# ####.#.##
#.##.# #.......#
#@##.# #.###...#
#....# # #......
#.#### #.#......
#.# #........ #.#
####....# #.#
##..†.#
#########...)..


You could see Sigmund.

Vanquished Creatures
  An adder (D:2)
  2 dart slugs
  A worm (D:2)
  3 ball pythons
  2 bats (D:1)
  2 endoplasms (D:1)
  3 goblins (D:1)
  A hobgoblin (D:1)
  A kobold (D:2)
  3 quokkas
  2 frilled lizards (D:1)
  3 rats
24 creatures vanquished.

Notes
Turn   | Place    | Note
-------+----------+-------------------------------------------
     0 | D:1      | Exodus22XD the Demonspawn Gladiator began the quest for the
                  | Orb.
     0 | D:1      | Reached XP level 1. HP: 16/16 MP: 1/1
   243 | D:1      | Gained mutation: Your touch may inflict minor irresistible
                  | damage on your foes. [demonic ancestry]
   243 | D:1      | Reached XP level 2. HP: 22/22 MP: 2/2
  1094 | D:2      | Reached XP level 3. HP: 26/27 MP: 3/3
  1170 | D:2      | Noticed Sigmund
  1185 | D:2      | Slain by Sigmund

Illustrated notes

Levels and vault maps discovered:
D:1:      dpeg_arrival_arbitrary_a, layout_loops_ring
D:2:      layout_loops_ring, minmay_pentomino_z4, uniq_sigmund

Skill      XL: |  1  2 |
---------------+-------+-----
Polearms       | 3 |  3.4
Dodging        | 3 |  3.1
Fighting       | |  2.0
Throwing       | |  1.8
Armour         | |  0.4
Stealth        | |  0.1

Action                   || total
-------------------------++-------
Melee: Trident           ||    83
       Touch             ||     6
Armor: Leather armour    ||     9
       Scale mail        ||    13
Dodge: Dodged            ||    36
